AoeStats
← Reis

Arena

504727122Analyzed
4v4 RM · 27d ago on Sep 6, 2026· 65m 52s· 8 players
Game mode
Random Map
Map size
Large (8 player)
Population
200
Speed
Normal
Resources
Standard
Victory
Conquest
Starting age
Dark Age
Ending age
Imperial Age
RankedLock teamsTeams togetherTeam positionsShared explorationLock speedFull tech treeHidden civsTurbo modeCheats
Victory
Defeat
🇮🇳 Burgundians · India
1432
+15
🇨🇭 Bulgarians · Switzerland
1422
+15
🇨🇳 Malay · China
1352
+18
🇨🇳 Britons · China
1341
+18
🇭🇰 Poles · Hong Kong SAR China
1439
-18
🇹🇼 Hindustanis · Taiwan
1431
-18
🇨🇳 Turks · China
1376
-16
🇭🇰 Romans · Hong Kong SAR China
1347
-14
AI (HD Version)
11:03 Feudal Age
15:37 Castle Age
14:08 Double-Bit Axe
14:34 Horse Collar
16:36 Bow Saw
23:38 Loom
31:39 Wheelbarrow
36:51 Crossbowman
38:13 Fletching
38:24 Padded Archer Armor
38:58 Gold Mining
40:14 Bodkin Arrow
41:48 Leather Archer Armor
41:28 Stone Mining
47:12 Imperial Age
45:01 Hand Cart
47:38 Ballistics
48:00 Thumb Ring
47:16 Arbalester
48:04 Bracer
51:53 Chemistry
57:48 Light Cavalry
58:17 Elite Skirmisher
60:11 Scale Barding Armor
60:17 Forging
61:26 Husbandry
61:51 Bloodlines
63:13 Lechitic Legacy
62:20 Winged Hussar
64:09 Chain Barding Armor
65:20 Iron Casting
poor guy
11:11 Feudal Age
12:10 Double-Bit Axe
12:16 Horse Collar
15:13 Castle Age
16:10 Bow Saw
16:25 Heavy Plow
18:41 Loom
22:03 Wheelbarrow
24:09 Hand Cart
24:20 Pikeman
26:29 Scale Mail Armor
26:39 Forging
29:20 Imperial Age
28:10 Chain Mail Armor
28:18 Squires
29:18 Iron Casting
29:34 Capped Ram
29:36 Halberdier
30:25 Man-at-Arms
32:31 Blast Furnace
31:09 Long Swordsman
31:58 Legionary
33:27 Siege Ram
35:29 Heavy Scorpion
37:16 Chemistry
36:22 Siege Engineers
36:17 Gold Mining
36:17 Stone Mining
38:57 Conscription
38:43 Ballistas
38:59 Comitatenses
41:56 Ballistics
天線小號
11:22 Feudal Age
15:25 Castle Age
13:27 Double-Bit Axe
13:55 Horse Collar
17:22 Heavy Plow
17:37 Bow Saw
22:40 Wheelbarrow
23:49 Gold Mining
24:14 Stone Mining
24:26 Loom
29:06 Imperial Age
27:18 Scale Barding Armor
27:24 Forging
28:00 Bloodlines
27:51 Husbandry
28:10 Hand Cart
28:41 Chain Barding Armor
28:32 Town Watch
29:41 Scale Mail Armor
31:05 Plate Barding Armor
30:16 Heavy Camel Rider
33:20 Iron Casting
35:09 Padded Archer Armor
36:10 Blast Furnace
35:17 Town Patrol
35:09 Fletching
36:14 Coinage
36:19 Leather Archer Armor
36:27 Conscription
35:37 Imperial Camel Rider
36:59 Shatagni
36:31 Light Cavalry
38:46 Chemistry
37:11 Hussar
38:08 Bodkin Arrow
38:19 Grand Trunk Road
39:19 Gold Shaft Mining
40:53 Ring Archer Armor
40:24 Bracer
40:21 Guard Tower
40:53 Ballistics
40:29 Murder Holes
42:17 Siege Elephant
44:50 Masonry
46:46 Hoardings
45:57 Elite Skirmisher
49:38 Scale Mail Armor
49:59 Thumb Ring
61:24 Chain Mail Armor
61:34 Fortified Wall
Herrmann
11:26 Feudal Age
16:43 Castle Age
17:25 Loom
32:14 Imperial Age
36:37 Wheelbarrow
38:36 Theocracy
38:32 Horse Collar
40:15 Stone Mining
41:38 Conscription
42:17 Hand Cart
42:17 Gold Mining
44:28 Gold Shaft Mining
44:51 Heavy Plow
45:46 Bloodlines
45:37 Husbandry
45:40 Double-Bit Axe
47:34 Town Watch
48:40 Scale Barding Armor
48:36 Scale Mail Armor
48:28 Fletching
51:13 Chain Barding Armor
51:09 Chain Mail Armor
51:55 Forging
52:02 Forging
53:51 Hoardings
57:46 Sipahi
58:57 Iron Casting
59:26 Bow Saw
61:19 Two-Man Saw
61:46 Plate Barding Armor
64:00 Blast Furnace
23
2:59 Double-Bit Axe
10:13 Feudal Age
15:16 Castle Age
13:13 Horse Collar
14:56 Bow Saw
14:56 Heavy Plow
18:25 Wheelbarrow
18:55 Gold Mining
20:23 Hand Cart
20:20 Stone Mining
22:10 Crop Rotation
22:47 Two-Man Saw
26:49 Imperial Age
25:09 Scale Barding Armor
26:21 Chain Barding Armor
25:59 Loom
26:00 Town Watch
26:26 Cavalier
28:23 Plate Barding Armor
28:34 Forging
28:26 Husbandry
30:21 Conscription
31:05 Chemistry
31:47 Scale Mail Armor
31:49 Squires
31:59 Padded Archer Armor
32:47 Leather Archer Armor
33:20 Chain Mail Armor
33:47 Paladin
34:42 Burgundian Vineyards
35:42 Plate Mail Armor
35:47 Iron Casting
37:52 Blast Furnace
39:01 Arson
41:09 Coinage
45:06 Banking
45:22 Fletching
45:53 Ballistics
45:14 Treadmill Crane
45:44 Masonry
50:52 Bodkin Arrow
53:03 Guilds
52:53 Caravan
57:30 Light Cavalry
58:37 Hussar
59:48 Elite Skirmisher
61:57 Bracer
64:35 Crop Rotation
65:06 Two-Man Saw
64:52 Gold Shaft Mining
64:53 Stone Shaft Mining
64:24 Elite Coustillier
Reis
10:25 Feudal Age
14:49 Castle Age
14:56 Loom
18:35 Fletching
19:08 Bodkin Arrow
25:51 Double-Bit Axe
28:52 Bow Saw
29:18 Horse Collar
33:00 Wheelbarrow
37:23 Hand Cart
37:27 Stone Mining
37:27 Gold Mining
42:32 Imperial Age
41:01 Gold Shaft Mining
40:57 Forging
40:53 Scale Barding Armor
41:06 Scale Mail Armor
42:15 Iron Casting
41:46 Squires
41:31 Gambesons
41:32 Arson
43:48 Conscription
44:45 Capped Ram
49:19 Blast Furnace
48:34 Chain Mail Armor
48:09 Siege Ram
51:11 Plate Mail Armor
54:20 Bracer
56:51 Bagains
你顶住我发展
11:55 Feudal Age
16:30 Castle Age
16:06 Loom
21:02 Imperial Age
19:19 Double-Bit Axe
20:42 Ballistics
20:13 Fletching
20:47 Bow Saw
34:27 Bodkin Arrow
36:07 Horse Collar
38:08 Bracer
38:46 Padded Archer Armor
40:36 Chemistry
40:40 Conscription
42:53 Leather Archer Armor
43:01 Yeomen
43:39 Elite Longbowman
46:18 Wheelbarrow
45:29 Town Watch
47:21 Hoardings
47:47 Ring Archer Armor
47:18 Scale Mail Armor
47:41 Pikeman
48:21 Squires
48:37 Murder Holes
50:14 Hand Cart
53:02 Arson
53:33 Chain Mail Armor
55:37 Plate Mail Armor
57:52 Two-Man Saw
59:38 Heavy Plow
61:16 Caravan
62:57 Gold Mining
62:57 Stone Mining
63:05 Halberdier
64:43 Coinage
64:27 Guilds
64:44 Capped Ram
D哥
11:37 Feudal Age
14:32 Castle Age
12:51 Double-Bit Axe
13:20 Horse Collar
19:35 Bow Saw
21:59 Wheelbarrow
23:50 Gold Mining
28:14 Imperial Age
25:30 Loom
26:51 Gold Shaft Mining
26:23 Scale Barding Armor
26:53 Forging
27:56 Iron Casting
27:42 Elite Battle Elephant
28:47 Husbandry
29:35 Conscription
29:46 Heavy Plow
31:03 Blast Furnace
30:08 Fletching
30:20 Pikeman
31:01 Squires
30:46 Arson
30:23 Man-at-Arms
31:33 Stone Mining
31:35 Halberdier
32:12 Long Swordsman
33:49 Coinage
32:59 Two-Handed Swordsman
34:28 Bodkin Arrow
34:40 Caravan
34:09 Light Cavalry
36:16 Banking
35:59 Guilds
36:57 Forced Levy
49:19 Capped Ram
Connection lost

Rejoining the realm…

Still unreachable

The connection could not be restored.

Session expired

The server has moved on; the page needs a fresh start.